 Dungeon Crawl Stone Soup version 0.21-a0-538-gd16b88a (webtiles) character file.

148780 polly the Severer (level 16, -8/241 HPs)
             Began as a Demonspawn Berserker on Dec 16, 2017.
             Was the Champion of Trog.
             Mangled by a tentacle (18 damage)
             ... attached to a kraken
             ... on level 3 of the Shoals.
             The game lasted 01:21:36 (26458 turns).

polly the Severer (Demonspawn Berserker)           Turns: 26458, Time: 01:21:36

Health: -8/241     AC: 27    Str: 28    XL:     16   Next: 65%
Magic:  0/17       EV: 13    Int:  9    God:    Trog [******]
Gold:   1201       SH:  0    Dex: 16    Spells: 15/15 levels left

rFire    . . .     SeeInvis .   V - +11 battleaxe "Iseireuz" {chop, rN+}
rCold    + . .     Gourm    .   (shield currently unavailable)
rNeg     + + .     Faith    .   D - +2 plate armour {rPois}
rPois    +         Spirit   +   (helmet unavailable)
rElec    .         Reflect  .   p - scarf {Spirit}
rCorr    .         Harm     .   S - +2 pair of gloves
MR       +....                  t - +1 pair of boots
Stlth    ..........             y - amulet of Vitality {Regen+ HP+15}
HPRegen  0.90/turn              j - ring of flight
MPRegen  0.15/turn              v - +3 ring of protection

@: berserking, flying, starving, very quick
A: horns 3, repulsion field 2, agile 1, cold resistance 1, demonic guardian 1,
negative energy resistance 1, robust 1, freezing cloud immunity
}: 1/15 runes: gossamer
a: Berserk, Trog's Hand, Brothers in Arms, Burn Spellbooks, Renounce Religion,
Stop Flying


You were on level 3 of the Shoals.
You worshipped Trog.
Trog was exalted by your worship.
You were starving.

You visited 6 branches of the dungeon, and saw 28 of its levels.
You also visited: Labyrinth.

You collected 2811 gold pieces.
You spent 1610 gold pieces at shops.

Inventory:

Hand Weapons
 T - a +2 executioner's axe of chopping
 V - the +11 battleaxe "Iseireuz" (weapon) {chop, rN+}
   (Trog gifted it to you on level 2 of the Spider Nest)

   It inflicts extra damage upon your enemies.
   It protects you from negative energy.
Armour
 p - a scarf of spirit shield (worn)
 t - a +1 pair of boots (worn)
 D - a +2 plate armour of poison resistance (worn)
 S - a +2 pair of gloves (worn)
Jewellery
 j - a ring of flight (left hand)
 v - a +3 ring of protection (right hand)
 x - an uncursed ring of positive energy
 y - the amulet of Vitality (around neck) {Regen+ HP+15}
   (You bought it in a shop on level 2 of the Orcish Mines)

   [amulet of regeneration]

   It affects your health (+15).
   It increases your rate of regeneration.
 B - a +2 ring of protection
 K - an uncursed ring of see invisible
 L - an uncursed ring of resist corrosion
Wands
 k - a wand of digging (8)
 o - a wand of iceblast (13)
 O - a wand of clouds (15)
Scrolls
 e - 3 scrolls of fear
 n - a scroll of immolation
 r - 13 scrolls of remove curse
 s - 10 scrolls of teleportation
 u - 6 scrolls of fog
 w - 6 scrolls of enchant weapon
 C - 2 scrolls of vulnerability
 M - 2 scrolls of silence
 P - 2 scrolls of summoning
 Q - 4 scrolls of magic mapping
 R - 4 scrolls of blinking
 U - 7 scrolls of enchant armour
 W - a scroll of brand weapon
 Y - 3 scrolls of identify
Potions
 a - 10 potions of curing
 b - 2 potions of cancellation
 d - 3 potions of resistance
 g - 2 potions of ambrosia
 h - 5 potions of haste
 i - 6 potions of heal wounds
 A - 6 potions of might
 I - 2 potions of mutation
 N - a potion of invisibility
Miscellaneous
 Z - a phial of floods
Comestibles
 c - 16 bread rations
 f - 14 meat rations
 z - 10 royal jellies
 F - 13 fruits


   Skills:
 + Level 14.0 Fighting
 + Level 19.3 Axes
 + Level 0.5 Throwing
 + Level 13.1 Armour
 + Level 4.0 Dodging
 + Level 3.8 Stealth
 + Level 2.2 Evocations


You had 15 spell levels left.
You didn't know any spells.

Dungeon Overview and Level Annotations

Branches:
Dungeon (12/15)            Temple (0/1) D:5            Lair (6/6) D:9
 Shoals (3/4) Lair:3       Spider (4/4) Lair:3        Slime (0/5) Lair:6
    Orc (2/2) D:10            Elf (1/3) Orc:2

Altars:
Dithmenos
Kikubaaqudgha
Nemelex Xobeh
Qazlal
Ru
Yredelemnul
Jiyva

Shops:
D:4 !   D:9 %   Orc:2 =(%}   Shoals:2 }!(*


Innate Abilities, Weirdness & Mutations

You have a pair of large horns on your head.
You are surrounded by a moderate repulsion field. (EV +3)
Your flesh is cold resistant. (rC+)
A weak demonic guardian rushes to your aid.
You resist negative energy. (rN+)
You are immune to freezing clouds.
You are agile. (Dex +2)
You are robust. (+10% HP)


Message History

You slash the tentacle! You slice the tentacle!! You barely miss something.
You slice the tentacle!!
The tentacle slaps you but does no damage.
The tentacle slaps you!
* * * LOW HITPOINT WARNING * * *
The tentacle completely misses you.
The tentacle slaps you but does no damage.
A tentacle segment bursts forth from the water. x4
The tentacle closely misses your white imp.
The tentacle barely misses your white imp.
The tentacle slaps you!
* * * LOW HITPOINT WARNING * * *
The tentacle slaps your white imp!!
Your white imp dies!
Unknown command.
Unknown command.
You are too berserk!
You feel a strong urge to attack something.
The tentacle slaps you!!
You die...

..≈≈≈≈≈≈≈....
#.≈≈≈≈≈<...
#..≈≈≈≈...
#.(≈≈..?.
##.≈≈≈≈..
..≈≈≈≈≈.#
≈≈≈≈≈≈≈.#
≈≈≈≈≈≈≈>##
≈≈≈≈≈≈5<@##
≈≈≈≈≈≈≈w.w###..≈
≈≈≈≈≈≈≈≈≈.....≈≈≈
≈≈≈≈≈X≈≈≈≈≈≈≈≈≈≈≈
≈≈≈≈≈≈≈≈≈≈≈≈≈≈≈≈≈
≈≈≈≈≈≈≈≈≈≈≈≈≈≈≈≈≈
≈≈≈≈≈≈≈≈≈≈≈≈≈≈≈≈≈
≈≈≈≈≈≈≈≈≈≈≈≈≈≈≈≈≈
≈≈≈≈≈≈≈≈≈≈≈≈≈≈≈≈≈


You could see a kraken, 2 tentacles and a friendly white imp.

Vanquished Creatures
  Asterion (Spider:3)
  Polyphemus (Shoals:2)
  The ghost of chance672 the Impaler, an adept MfBe of Trog (Spider:3)
  2 emperor scorpions
  3 ghost moths (Spider:4)
  7 entropy weavers
  A stone giant (Orc:1)
  3 dire elephants (Lair:6)
  A spark wasp (Spider:4)
  4 merfolk impalers
  Erolcha (Orc:2)
  5 hydras
  An anaconda (Lair:6)
  2 centaur warriors (Orc:2)
  A satyr (Shoals:2)
  A two-headed ogre (D:9)
  3 merfolk avatars
  2 catoblepae
  6 death yaks
  Sonja (Orc:2)
  6 sea snakes
  3 orc knights
  14 orb spiders
  23 wolf spiders
  An ugly thing (D:11)
  7 fauns
  3 manticores
  2 black mambas (Lair:1)
  16 elephants
  A merfolk siren (Shoals:2)
  2 water nymphs
  2 torpor snails
  A rime drake (Lair:5)
  A gargoyle (D:8)
  11 komodo dragons
  9 spiny frogs
  11 demonic crawlers
  9 merfolk
  4 trolls
  43 jumping spiders
  4 tyrant leeches (Spider:2)
  6 hornets
  Grinder (D:6)
  12 blink frogs
  2 wind drakes
  7 hippogriffs
  A dream sheep (Lair:2)
  66 redbacks
  A spriggan (Lair:2)
  A water elemental (Shoals:1)
  A basilisk (Lair:3)
  64 yaks
  13 tarantellas
  2 wyverns
  A hog (D:7)
  A hungry ghost (D:9)
  A steam dragon (D:11)
  2 vampire mosquitoes (D:12)
  10 water moccasins
  6 porcupines
  23 orc warriors
  3 ice beasts
  A black bear (Lair:4)
  A sky beast (D:8)
  A necrophage (D:9)
  11 ogres
  A phantom (D:5)
  5 wolves (Lair:1)
  13 crocodiles
  15 centaurs
  7 bullfrogs
  3 big kobolds
  4 gnoll sergeants
  4 earth elementals (Spider:2)
  5 scorpions
  3 killer bees (D:10)
  5 wights (D:3)
  4 electric eels
  2 bullfrog zombies
  4 howler monkeys
  6 crimson imps
  A centaur zombie (D:7)
  A quasit (D:7)
  2 jellies (D:9)
  10 orc wizards
  A bullfrog skeleton (D:4)
  11 orc priests
  3 centaur skeletons
  4 hounds
  A gnoll shaman (D:10)
  3 iguanas
  Ijyb (D:3)
  Terence (D:3)
  7 worker ants
  2 ogre zombies (D:4)
  A hound skeleton (D:7)
  22 gnolls
  An orc zombie (D:4)
  13 adders
  A shadow imp (D:7)
  3 oozes
  2 adder zombies
  An adder skeleton (D:7)
  3 worms
  A dart slug (D:1)
  10 leopard geckos
  67 orcs
  5 bats
  11 giant cockroaches
  6 goblins
  23 hobgoblins
  15 jackals
  22 kobolds
  2 quokkas
  6 ball pythons
  8 frilled lizards
  4 rats (D:1)
  6 fungi
  9 plants
  2 tentacles (Shoals:3)
831 creatures vanquished.

Vanquished Creatures (collateral kills)
  Arachne (Spider:1)
  A spark wasp (Spider:4)
  A minotaur (Lab)
  An orb spider (Spider:1)
  2 wolf spiders (Spider:2)
  A black mamba (Lair:5)
  A jumping spider (Lair:3)
  A hornet (Spider:4)
  3 blink frogs
  A merfolk (Shoals:2)
  A hippogriff (D:10)
  A redback (Spider:4)
  2 yaks (Lair:4)
  A human (D:7)
  2 hogs (D:7)
  A sky beast (D:6)
  A centaur (D:8)
  A wolf (Lair:1)
  A killer bee (D:12)
  A hound (D:8)
  A gnoll shaman (D:8)
  An orc wizard (D:10)
  3 gnolls
  A worm (D:6)
  7 orcs
  A hobgoblin (D:8)
39 creatures vanquished.

Vanquished Creatures (others)
  2 tarantellas
  A fungus (Lair:4)
  6 plants
  7 tentacles (Shoals:3)
16 creatures vanquished.

Grand Total: 886 creatures vanquished

Notes
Turn   | Place    | Note
-------+----------+-------------------------------------------
     0 | D:1      | polly the Demonspawn Berserker began the quest for the Orb.
     0 | D:1      | Reached XP level 1. HP: 18/18 MP: 1/1
    92 | D:1      | Gained mutation: Your flesh is cold resistant. (rC+) [demonic ancestry]
    92 | D:1      | Reached XP level 2. HP: 10/24 MP: 2/2
   106 | D:1      | Reached skill level 3 in Axes
   852 | D:1      | Gained mutation: You are immune to freezing clouds. [demonic ancestry]
   852 | D:1      | Reached XP level 3. HP: 27/29 MP: 3/3
   873 | D:1      | Reached ** piety under Trog
  1866 | D:2      | Reached XP level 4. HP: 31/36 MP: 4/4
  1971 | D:2      | Noticed an ice beast
  2001 | D:2      | Killed an ice beast
  2001 | D:2      | Reached skill level 4 in Axes
  2001 | D:2      | Gained mutation: You have a pair of small horns on your head. [demonic ancestry]
  2001 | D:2      | Reached XP level 5. HP: 15/42 MP: 5/5
  2464 | D:3      | Noticed Ijyb
  2509 | D:3      | Killed Ijyb
  3104 | D:3      | Reached *** piety under Trog
  3146 | D:3      | Reached XP level 6. HP: 48/48 MP: 6/6
  3321 | D:3      | Noticed Terence
  3334 | D:3      | Killed Terence
  3425 | D:3      | Reached skill level 5 in Axes
  3537 | D:3      | Reached XP level 7. HP: 44/54 MP: 7/7
  3597 | D:4      | Noticed a fire elemental
  3659 | D:4      | Found a stormy altar of Qazlal.
  3662 | D:4      | Noticed an air elemental
  3662 | D:4      | Noticed a water elemental
  3755 | D:4      | Found a transporter.
  3868 | D:4      | Found a transporter.
  3903 | D:4      | Reached skill level 6 in Axes
  4233 | D:4      | Gained mutation: A weak demonic guardian rushes to your aid. [demonic ancestry]
  4233 | D:4      | Reached XP level 8. HP: 29/61 MP: 8/8
  4311 | D:4      | Reached skill level 5 in Fighting
  4437 | D:4      | Found Sedidet's Distillery.
  4445 | D:4      | Bought a potion of heal wounds for 70 gold pieces
  4445 | D:4      | Bought a potion of heal wounds for 70 gold pieces
  4547 | D:4      | Reached **** piety under Trog
  4671 | D:5      | Entered Level 5 of the Dungeon
  4716 | D:5      | Reached skill level 5 in Armour
  4926 | D:5      | Reached skill level 7 in Axes
  5019 | D:5      | Found a staircase to the Ecumenical Temple.
  5404 | D:6      | Reached skill level 1 in Stealth
  5615 | D:6      | Noticed Grinder
  5616 | D:6      | Paralysed by Grinder for 5 turns
  5624 | D:6      | Killed Grinder
  5641 | D:6      | Gained mutation: You are surrounded by a mild repulsion field. (EV +2) [demonic ancestry]
  5641 | D:6      | Reached XP level 9. HP: 69/69 MP: 9/9
  5647 | D:6      | Found an ancient bone altar of Kikubaaqudgha.
  5925 | D:6      | Found a sparkling altar of Nemelex Xobeh.
  5932 | D:6      | Found a stormy altar of Qazlal.
  5957 | D:7      | Reached skill level 8 in Axes
  6146 | D:7      | Reached ***** piety under Trog
  6287 | D:7      | Reached skill level 9 in Axes
  6497 | D:7      | Found a shadowy altar of Dithmenos.
  6535 | D:7      | Found a basalt altar of Yredelemnul.
  6661 | D:8      | Got a bloodstained long sword
  6671 | D:8      | Identified the +4 long sword of Compulsion {holy, *Slow MR+ Dex+2 SInv} (You found it on level 8 of the Dungeon)
  6825 | D:8      | Found a sacrificial altar of Ru.
  7041 | D:8      | Gained mutation: You have a pair of horns on your head. [demonic ancestry]
  7041 | D:8      | Reached XP level 10. HP: 79/79 MP: 10/10
  7127 | D:8      | Received a gift from Trog
  7161 | D:8      | Reached skill level 10 in Axes
  7355 | D:8      | Noticed a gargoyle
  7382 | D:8      | Killed a gargoyle
  7673 | D:8      | Gained mutation: You are robust. (+10% HP) [mutagenic meat]
  7674 | D:8      | Gained mutation: You are agile. (Dex +2) [mutagenic meat]
  7675 | D:8      | Gained mutation: You have a pair of large horns on your head. [mutagenic meat]
  7921 | D:9      | Noticed a two-headed ogre
  7926 | D:9      | Killed a two-headed ogre
  7956 | D:9      | Reached skill level 11 in Axes
  8039 | D:9      | Found Kugom's Food Boutique.
  8189 | D:9      | Found a staircase to the Lair.
  8596 | D:10     | Entered Level 10 of the Dungeon
  8920 | D:10     | Reached XP level 11. HP: 95/95 MP: 11/11
  8957 | D:10     | Received a gift from Trog
  9035 | D:10     | Found a staircase to the Orcish Mines.
  9185 | D:10     | Found a sparkling altar of Nemelex Xobeh.
  9338 | Orc:1    | Entered Level 1 of the Orcish Mines
  9598 | D:11     | Noticed a brown ugly thing
  9617 | D:11     | Killed a brown ugly thing
  9617 | D:11     | Reached skill level 12 in Axes
 10782 | Orc:1    | Noticed a stone giant
 10795 | Orc:1    | Killed a stone giant
 11150 | Orc:2    | Entered Level 2 of the Orcish Mines
 11150 | Orc:2    | Found a staircase to the Elven Halls.
 11160 | Orc:2    | Noticed Erolcha
 11167 | Orc:2    | Killed Erolcha
 11172 | Orc:2    | Received a gift from Trog
 11205 | Orc:2    | Found a labyrinth entrance.
 11214 | Lab      | Entered a labyrinth
 11569 | Lab      | Noticed a minotaur
 11573 | Lab      | Killed a minotaur
 11592 | Lab      | Identified the Almanac of Gliding Clay
 11660 | Orc:2    | Noticed an orc knight
 11661 | Orc:2    | Noticed a centaur warrior
 11683 | Orc:2    | Killed a centaur warrior
 11683 | Orc:2    | Reached skill level 13 in Axes
 11690 | Orc:2    | Killed an orc knight
 11698 | Orc:2    | Noticed Sonja
 11698 | Orc:2    | Killed Sonja
 11698 | Orc:2    | Gained mutation: You are surrounded by a moderate repulsion field. (EV +3) [demonic ancestry]
 11698 | Orc:2    | Reached XP level 12. HP: 78/105 MP: 4/12
 12448 | Orc:2    | Noticed a centaur warrior
 12456 | Orc:2    | Killed a centaur warrior
 13286 | Orc:2    | Found Veoskoe's Weapon Shop.
 13286 | Orc:2    | Found Isuwnuos's Food Shoppe.
 13288 | Orc:2    | Found Haajueh's Gadget Emporium.
 13290 | Orc:2    | Found Reibb's Jewellery Boutique.
 13302 | Orc:2    | Bought the amulet of Vitality {Regen+ HP+15} for 1185 gold pieces
 13302 | Orc:2    | Found the amulet of Vitality {Regen+ HP+15}
 13393 | Elf:1    | Entered Level 1 of the Elven Halls
 13569 | Lair:1   | Entered Level 1 of the Lair of Beasts
 13588 | Lair:1   | Reached skill level 14 in Axes
 13731 | Lair:1   | Reached skill level 10 in Fighting
 13800 | Lair:1   | Received a gift from Trog
 13912 | Lair:1   | Reached ****** piety under Trog
 14506 | Lair:2   | Noticed a six-headed hydra
 14513 | Lair:2   | Killed a six-headed hydra
 14630 | Lair:2   | Reached XP level 13. HP: 86/114 MP: 4/13
 14904 | Lair:2   | Reached skill level 15 in Axes
 15492 | Lair:3   | Found a staircase to the Shoals.
 15598 | Lair:3   | Found a hole to the Spider Nest.
 15905 | Spider:1 | Entered Level 1 of the Spider Nest
 15942 | Lair:4   | Reached skill level 10 in Armour
 15942 | Lair:4   | Reached skill level 1 in Evocations
 16301 | Lair:4   | Received a gift from Trog
 16957 | Lair:5   | Reached skill level 16 in Axes
 17375 | Lair:5   | Reached XP level 14. HP: 124/124 MP: 5/15
 17658 | Lair:6   | Entered Level 6 of the Lair of Beasts
 17984 | Lair:6   | Found a viscous altar of Jiyva.
 17988 | Lair:6   | Found a staircase to the Slime Pits.
 19101 | Spider:1 | Noticed an entropy weaver
 19364 | Lair:3   | Killed an entropy weaver
 19364 | Lair:3   | Reached skill level 17 in Axes
 19576 | Spider:1 | Noticed an entropy weaver
 19577 | Spider:1 | Received a gift from Trog
 19590 | Spider:1 | Killed an entropy weaver
 20514 | Spider:2 | Noticed an entropy weaver
 20534 | Spider:2 | Killed an entropy weaver
 20724 | Spider:2 | Noticed Arachne
 20755 | Spider:1 | Killed Arachne
 20755 | Spider:1 | Gained mutation: You resist negative energy. (rN+) [demonic ancestry]
 20755 | Spider:1 | Reached XP level 15. HP: 91/134 MP: 12/16
 20907 | Spider:2 | Received a gift from Trog
 20927 | Spider:2 | Got an encrusted battleaxe {god gift}
 20936 | Spider:2 | Identified the +11 battleaxe "Iseireuz" {chop, rN+} (Trog gifted it to you on level 2 of the Spider Nest)
 21764 | Spider:3 | Noticed chance672's ghost (adept MfBe)
 21781 | Spider:3 | Killed chance672's ghost
 21938 | Spider:3 | Noticed Asterion
 21950 | Spider:3 | Killed Asterion
 21950 | Spider:3 | Reached skill level 18 in Axes
 22492 | Spider:4 | Entered Level 4 of the Spider Nest
 22697 | Spider:4 | Received a gift from Trog
 23671 | Spider:4 | Killed a ghost moth
 23837 | Spider:4 | Killed a ghost moth
 23837 | Spider:4 | Mutation became permanent: You have a pair of horns on your head. [demonic ancestry]
 23837 | Spider:4 | Gained mutation: You have a pair of large horns on your head. [demonic ancestry]
 23837 | Spider:4 | Reached XP level 16. HP: 138/144 MP: 0/17
 24037 | Spider:4 | Got a gossamer rune of Zot
 24158 | Spider:4 | Received a gift from Trog
 24677 | Shoals:1 | Entered Level 1 of the Shoals
 24757 | Shoals:1 | Reached skill level 19 in Axes
 25314 | Shoals:2 | Found Maem's Gadget Boutique.
 25321 | Shoals:2 | Found Axibosil's Distillery.
 25427 | Shoals:2 | Found Eleruc's Weapon Boutique.
 25865 | Shoals:2 | Found Hefih's Assorted Antiques.
 25888 | Shoals:2 | Bought a scroll of enchant armour for 285 gold pieces
 26143 | Shoals:2 | Noticed Polyphemus
 26156 | Shoals:2 | Killed Polyphemus
 26389 | Shoals:2 | Received a gift from Trog
 26430 | Shoals:3 | Noticed a kraken
 26457 | Shoals:3 | HP: 9/241 [tentacle[a kraken] (9)]
 26458 | Shoals:3 | Mangled by a tentacle

Vault maps used:
D:1:      dpeg_arrival_three_same_balls
D:3:      uniq_terence, uniq_ijyb
D:4:      gammafunk_cloud_chamber, serial_shops, kennysheep_mini_moat,
          nicolae_qazlal_style_of_elements
D:5:      minmay_temple_entry_statues, first_bread
D:6:      amethyst_overflow_temple_binary, kiku_gazebo_pond_becter, uniq_grinder
D:7:      lemuel_doored_altar, overflow_temple_1_default, serial_park_tiny_2,
          grunt_livestock, grunt_ministairs_6
D:8:      kennysheep_housing_project, nicolae_overflow_hidden_temple,
          nicolae_ru_great_annihilating_truth
D:9:      david_lair_shrubbed, nicolae_shop_scaring_up_business
D:10:     orc_0_dummy, special_room, minmay_misc_feat_hallway,
          nemelex_xobeh_ov_fountains_minmay
D:12:     uniq_nessos
Lair:1:   beast_lair_carwin_10
Lair:2:   grunt_forest_large_clearing_hut
Lair:3:   elwin_shoals_entry_rocks, spider_nest_entry_a
Lair:5:   lookout_lair_type, lemuel_fruit_tree, grunt_megastairs_2,
          serial_bayou_shore_b
Lair:6:   due_jungle_book, slime_altar_1, lemuel_old_faithful
Shoals:2: serial_shops, shop, nicolae_shop_trees, shop,
          nicolae_shop_statue_plus, uniq_polyphemus
Shoals:3: nicolae_island_escapes, uniq_jorgrun
Spider:2: hangedman_stitches_earthworm, uniq_arachne
Spider:3: uniq_asterion
Spider:4: spider_rune_water, spider_trap
Orc:1:    nicolae_orc_crystal_geode
Orc:2:    st_orc_rangers, lab_entry_generic, nicolae_orc_rockfall, uniq_sonja,
          uniq_erolcha
Elf:1:    minmay_elf_arrival_circle, serial_shops, nicolae_shop_waterfront,
          portal_ice_cave_entry_ice_statue_one, minmay_elf_necromancy,
          billiards_dpeg
Lab:      nicolae_lab_dead_adventurers, labyrinth_skeletal_remains,
          nicolae_lab_do_over, nicolae_lab_swirl

Skill      XL: |  1  2  3  4  5  6  7  8  9 10 11 12 13 14 15 16 |
---------------+-------------------------------------------------+-----
Dodging        | 2 3 4 |  4.0
Axes           | 3 4 5 6 7 9 11 13 14 16 17 18 19 | 19.3
Armour         | 2 3 4 5 6 7 8 9 10 11 12 13 | 13.1
Fighting       | 4 6 7 8 9 10 11 12 13 14 | 14.0
Stealth        | 1 2 3 |  3.8
Evocations     | 1 2 |  2.2
Throwing       | |  0.5

Action                   |  1- 3 |  4- 6 |  7- 9 | 10-12 | 13-15 | 16-18 || total
-------------------------+-------+-------+-------+-------+-------+-------++-------
Melee: Hand axe          |   159 |   208 |   418 |    91 |       |       ||   876
       Headbutt          |       |    30 |    85 |   173 |   219 |    47 ||   554
       Battleaxe         |       |       |       |   189 |   257 |   254 ||   700
       Broad axe         |       |       |       |   146 |       |       ||   146
       Executioner's axe |       |       |       |   298 |   620 |       ||   918
Throw: Throwing net      |       |     1 |     1 |       |     3 |       ||     5
Invok: Berserk           |       |     1 |       |     6 |    15 |     2 ||    24
       Burn Spellbooks   |       |       |       |       |     2 |     2 ||     4
 Abil: Evoke Flight      |       |       |       |       |       |     8 ||     8
Evoke: Wand              |       |       |       |     6 |    17 |       ||    23
       Phial of floods   |       |       |       |       |     1 |       ||     1
  Use: Scroll            |       |       |    11 |     6 |    15 |     1 ||    33
       Potion            |       |       |       |     1 |     6 |     3 ||    10
 Stab: Held in net/web   |       |       |     1 |       |     1 |       ||     2
       Distracted        |       |       |     2 |    10 |     8 |     4 ||    24
  Eat: Chunk             |     3 |     6 |    12 |    26 |    34 |    10 ||    91
       Fruit             |       |     1 |       |     2 |    10 |       ||    13
       Royal jelly       |       |       |       |     4 |     1 |       ||     5
Armor: Animal skin       |    41 |       |       |       |       |       ||    41
       Ring mail         |    12 |    37 |       |       |       |       ||    49
       Chain mail        |       |    52 |    36 |       |       |       ||    88
       Plate armour      |       |       |   213 |   649 |  1126 |   225 ||  2213
Dodge: Dodged            |   125 |    97 |   159 |   464 |   791 |   165 ||  1801

Table legend:
 A = Spawn XP
 B = Non-spawn XP
 C = Spawn XP percentage of total XP
 D = Spawn monster count
 E = Non-spawn monster count
 F = Spawn count percentage of total count
 G = Total turns spent on level
                    A         B        C        D         E        F      G
               +---------+---------+-------+---------+---------+-------+---------
         Total |       0 |  193972 |   0.0 |       0 |     854 |   0.0 | 26458
               +---------+---------+-------+---------+---------+-------+---------
           D:1 |       0 |      54 |   0.0 |       0 |      31 |   0.0 |  1439
           D:2 |       0 |     197 |   0.0 |       0 |      25 |   0.0 |  1025
           D:3 |       0 |     530 |   0.0 |       0 |      35 |   0.0 |  1332
           D:4 |       0 |     832 |   0.0 |       0 |      25 |   0.0 |   875
           D:5 |       0 |     609 |   0.0 |       0 |      20 |   0.0 |   724
           D:6 |       0 |     906 |   0.0 |       0 |      25 |   0.0 |   559
           D:7 |       0 |    2123 |   0.0 |       0 |      27 |   0.0 |   691
           D:8 |       0 |    1572 |   0.0 |       0 |      45 |   0.0 |  1227
           D:9 |       0 |    3471 |   0.0 |       0 |      33 |   0.0 |   766
          D:10 |       0 |    1662 |   0.0 |       0 |      54 |   0.0 |   827
          D:11 |       0 |    2595 |   0.0 |       0 |      31 |   0.0 |  1080
          D:12 |       0 |     425 |   0.0 |       0 |       5 |   0.0 |    16
        Lair:1 |       0 |    7428 |   0.0 |       0 |      36 |   0.0 |   849
        Lair:2 |       0 |    6132 |   0.0 |       0 |      27 |   0.0 |  1157
        Lair:3 |       0 |    9321 |   0.0 |       0 |      27 |   0.0 |  1160
        Lair:4 |       0 |   10979 |   0.0 |       0 |      28 |   0.0 |   863
        Lair:5 |       0 |    5956 |   0.0 |       0 |      27 |   0.0 |   790
        Lair:6 |       0 |   15499 |   0.0 |       0 |      40 |   0.0 |  1382
      Shoals:1 |       0 |   10152 |   0.0 |       0 |      21 |   0.0 |   733
      Shoals:2 |       0 |   17561 |   0.0 |       0 |      25 |   0.0 |   912
      Spider:1 |       0 |   16060 |   0.0 |       0 |      40 |   0.0 |  1088
      Spider:2 |       0 |   15594 |   0.0 |       0 |      45 |   0.0 |  1137
      Spider:3 |       0 |   12897 |   0.0 |       0 |      26 |   0.0 |  1153
      Spider:4 |       0 |   38704 |   0.0 |       0 |      92 |   0.0 |  1637
         Orc:1 |       0 |    3500 |   0.0 |       0 |      11 |   0.0 |  1285
         Orc:2 |       0 |    8179 |   0.0 |       0 |      52 |   0.0 |  1338
           Lab |       0 |    1034 |   0.0 |       0 |       1 |   0.0 |   383
               +---------+---------+-------+---------+---------+-------+---------
